 Dungeon Crawl Stone Soup version 0.30-a0-743-gbfdf073431 (webtiles) character file.

Game seed: 14745194205063976744

333 voltaire321 the Magician (level 6, -8/44 HPs)
             Began as a Demonspawn Hedge Wizard on Feb 8, 2023.
             Was an Initiate of Hepliaklqana.
             Mangled by an ogre
             ... wielding a +0 giant club
              (15 damage)
             ... on level 4 of the Dungeon.
             The game lasted 00:10:20 (3724 turns).

voltaire321 the Magician (Demonspawn Hedge Wizard)  Turns: 3724, Time: 00:10:20

Health: -8/44      AC:  6    Str: 10    XL:     6   Next: 27%
Magic:  11/11      EV: 13    Int: 17    God:    Hepliaklqana [......]
Gold:   227        SH:  0    Dex: 15    Spells: 3/12 levels left

rFire   . . .      SeeInvis .    p - +4 dagger (venom)
rCold   . . .      Faith    .    (no shield)
rNeg    + . .      Spirit   .    b - +0 robe
rPois   .          Reflect  .    c - +0 hat
rElec   .          Harm     .    (no cloak)
rCorr   .          Rampage  .    (no gloves)
Will    .....                    (no boots)
Stlth   +++                      (no amulet)
HPRegen 0.27/turn                e - +4 ring of protection
MPRegen 0.12/turn                s - ring of positive energy

@: mighty, lethally poisoned (-8 -> -9)
A: thin skeletal structure 1, powered by pain 1, demonic touch 2
a: Renounce Religion


You were on level 4 of the Dungeon.
You worshipped Hepliaklqana.
Hepliaklqana was noncommittal.
You visited 2 branches of the dungeon, and saw 5 of its levels.

You collected 227 gold pieces.

Inventory:

Hand Weapons
 p - a +4 dagger of venom (weapon)
 v - a +2 dagger of venom
Missiles
 n - a throwing net
Armour
 b - a +0 robe (worn)
 c - a +0 hat (worn)
Jewellery
 e - a +4 ring of protection (left hand)
 s - a ring of positive energy (right hand)
 w - a ring of ice
 x - a ring of flight
 B - a ring of resist corrosion
Scrolls
 a - 2 scrolls of magic mapping {unknown}
 f - a scroll of immolation {unknown}
 g - a scroll of blinking {unknown}
 h - a scroll of noise {unknown}
 i - 4 scrolls of identify {unknown}
 j - 2 scrolls of poison {unknown}
 k - a scroll of vulnerability {unknown}
 l - a scroll of teleportation {unknown}
 q - a scroll of torment {unknown}
 t - a scroll of fear {unknown}
 y - a scroll of acquirement {unknown}
Potions
 d - a potion of magic
 m - a potion of curing {unknown}
 o - 3 potions of might {unknown}
 r - a potion of haste {unknown}
 u - a potion of lignification {unknown}
 z - a potion of ambrosia {unknown}
 A - a potion of brilliance {unknown}


   Skills:
 + Level 2.2 Fighting
 + Level 1.8 Armour
 + Level 2.8 Dodging
 + Level 1.7 Stealth
 + Level 3.6 Spellcasting
 + Level 2.2 Conjurations
 + Level 2.7 Summonings
 + Level 2.1 Translocations


You had 3 spell levels left.
You knew the following spells:

 Your Spells              Type           Power      Damage    Failure   Level
a - Magic Dart            Conj           40%        1d5       6%          1
b - Call Imp              Summ           12%        N/A       9%          2
c - Blink                 Tloc           20%        N/A       11%         2
d - Passage of Golubria   Tloc           10%        N/A       56%         4

Your spell library contained the following spells:

 Spells                   Type           Power      Damage    Failure   Level
 Slow                     Hex            12%        N/A       17%         1
 Cigotuvi's Dreadful Rot  Necr/Pois/Air  6%         N/A       26%         2
 Mephitic Cloud           Conj/Pois/Air  5%         N/A       36%         3
 Silence                  Hex/Air        1%         N/A       99%         5
 Lehudib's Crystal Spear  Conj/Erth      3%         10d2      100%        8


Dungeon Overview and Level Annotations

Branches:
Dungeon (4/15)             Temple (1/1) D:4

Altars:
Cheibriados
Dithmenos
Fedhas
Gozag
Hepliaklqana
Makhleb
Okawaru
Qazlal
Sif Muna
Wu Jian
Xom
Yredelemnul


Innate Abilities, Weirdness & Mutations

You have a somewhat thin skeletal structure. (Dex +2, Stealth+)
You sometimes gain a little power by taking damage.
Your touch may inflict irresistible damage on your foes.


Message History

Press: ? - help, Q - select action, (/) - cycle Shift-Dir - straight line, f - hobgoblin
Aim: a hobgoblin (asleep, 100% to hit)
The magic dart hits the hobgoblin.
The hobgoblin is severely wounded.
The hobgoblin shouts!
You hit the hobgoblin.
You kill the hobgoblin!
Adjust (i)tems, (s)pells, or (a)bilities?
Okay, then.
Unknown command.
Unknown command.
Found a morningstar.
You now have 227 gold pieces (gained 10).
An adder and a hound come into view.
An iguana comes into view.
Found a pair of gloves.
An ogre comes into view. It is wielding a +0 giant club.
Found 3 stones and 8 gold pieces.
The helpless adder fails to defend itself.
You puncture the adder!
The adder is poisoned.
The adder is severely wounded.
The adder bites you but does no damage. The adder bites you.
You are poisoned.
The adder poisons you!
You hit the adder.
You kill the adder!
You feel sick.
You hit the ogre.
The ogre is poisoned.
The ogre is moderately wounded.
You feel sick.
The ogre hits you with a +0 giant club!!
Ouch! That really hurt!
* * * LOW HITPOINT WARNING * * *
You focus on the pain.
You feel very mighty all of a sudden.
The hound barks!
You barely miss the ogre. Your touch misses the ogre.
The ogre is moderately wounded.
You feel sick. The ogre hits you with a +0 giant club!
You die...

#...# #....... #.#.#
#....... ##.#.## #.......
#..#..# ###.......
##.###.###.........
###..#$#..####.......
####...##.##...####.....
###....###...###†...#####.
.....)....@lh..[####.......
####....###O..###....######
####.. #.##...#### ###
(#..# #.


You could see an ogre (very poisoned), an iguana and a hound.

Vanquished Creatures
  A scorpion (D:3)
  An iron imp (D:3)
  An orc wizard (D:3)
  Robin (D:2)
  4 gnolls (D:4)
  5 adders
  An ufetubus (D:4)
  A worm (D:3)
  3 dart slugs
  11 orcs
  3 endoplasms
  6 giant cockroaches
  19 goblins
  14 hobgoblins
  5 kobolds
  2 quokkas (D:1)
  4 ball pythons
  8 bats
  3 frilled lizards
  8 rats
101 creatures vanquished.

Notes
Turn   | Place    | Note
-------+----------+-------------------------------------------
     0 | D:1      | voltaire321 the Demonspawn Hedge Wizard began the quest for
                  | the Orb.
     0 | D:1      | Reached XP level 1. HP: 13/13 MP: 4/4
   207 | D:1      | Reached skill level 1 in Translocations
   465 | D:1      | Gained mutation: Your touch may inflict minor irresistible
                  | damage on your foes. [demonic ancestry]
   465 | D:1      | Reached XP level 2. HP: 14/20 MP: 0/6
  1240 | D:1      | Learned a level 2 spell: Call Imp
  1243 | D:1      | Learned a level 2 spell: Blink
  1244 | D:2      | Noticed Robin
  1244 | D:2      | Found a basalt altar of Yredelemnul.
  1255 | D:1      | Reached XP level 3. HP: 14/25 MP: 7/7
  1568 | D:2      | Reached skill level 1 in Fighting
  1967 | D:2      | Killed Robin
  1968 | D:2      | Reached skill level 1 in Armour
  1968 | D:2      | Gained mutation: You sometimes gain a little power by
                  | taking damage. [demonic ancestry]
  1968 | D:2      | Reached XP level 4. HP: 32/32 MP: 8/8
  2588 | D:3      | Noticed a scorpion
  2597 | D:3      | Killed a scorpion
  2598 | D:3      | Gained mutation: Your touch may inflict irresistible damage
                  | on your foes. [demonic ancestry]
  2598 | D:3      | Reached XP level 5. HP: 25/38 MP: 5/10
  2889 | D:3      | Learned a level 4 spell: Passage of Golubria
  3285 | D:3      | Found a snail-covered altar of Cheibriados.
  3295 | D:3      | Gained mutation: You have a somewhat thin skeletal
                  | structure. (Dex +2, Stealth+) [demonic ancestry]
  3295 | D:3      | Reached XP level 6. HP: 36/44 MP: 11/11
  3409 | D:4      | Found a staircase to the Ecumenical Temple.
  3581 | Temple   | Entered the Ecumenical Temple
  3648 | Temple   | Became a worshipper of Hepliaklqana the Forgotten
  3724 | D:4      | Mangled by an ogre

Illustrated notes

Levels and vault maps discovered:
D:1:      dpeg_arrival_three_smaller_balls, layout_basic, st_stairs_13
D:2:      layout_rooms, basic_altar, grunt_ministairs_10, minmay_unequal,
          uniq_robin
D:3:      layout_rooms, chei_slow_surprise, chequers_serial_rivers_micro_d,
          minmay_joined_circles
D:4:      minmay_general_purpose_star, layout_loops_ring,
          mainiacjoe_overflow_alcove_1, ashenzari_conservatory_becter,
          minmay_temple_entry_ruins
Temple:   compressed_dpeg_circular_temple

Skill      XL: |  1  2  3  4  5 |
---------------+----------------+-----
Translocations | 1 2 |  2.1
Dodging        | 2 |  2.8
Fighting       | 1 2 |  2.2
Armour         | 1 |  1.8
Summonings     | 2 |  2.7
Conjurations   | 2 |  2.2
Stealth        | |  1.7
Spellcasting   | |  3.6

Action                     |  1- 3 |  4- 6 || total
---------------------------+-------+-------++-------
  Melee: Dagger            |   109 |   109 ||   218
         Touch             |     5 |    18 ||    23
         Punch             |       |     1 ||     1
   Cast: Magic Dart        |    54 |    36 ||    90
   Stab: Sleeping          |       |     1 ||     1
 Armour: Robe              |    42 |    31 ||    73
  Dodge: Dodged            |    83 |    63 ||   146

Table legend: (Time is in decaauts)
 A = Elapsed time spent in this place.
 B = Non-inter-level travel time spent in this place.
 C = Inter-level travel time spent in this place.
 D = Time resting spent in this place.
 E = Time spent auto-exploring this place.
 F = Levels seen in this place.
 G = Mean time per level.
                   A        B        C        D        E       F      G
               +--------+--------+--------+--------+--------+-----+--------+
         Total |   3725 |   3602 |    123 |    675 |   2155 |   5 |  745.0 |
       Dungeon |   3647 |   3524 |    123 |    675 |   2111 |   4 |  911.8 |
        Temple |     77 |     77 |      0 |      0 |     44 |   1 |   77.0 |
               +--------+--------+--------+--------+--------+-----+--------+

Top non-repeatable levels by time:
     D:1: 1532 daAuts
     D:3: 1142 daAuts
     D:2: 704 daAuts
     D:4: 268 daAuts
  Temple: 77 daAuts
